Rafales vs Saguenéens
Created - April 12, 2019 at 19:45
Goals
|
Rafales |
2 |
0 |
1 |
3 |
Saguenéens |
3 |
1 |
1 |
5 |
|
Shots
|
Rafales |
11 |
9 |
7 |
27 |
Saguenéens |
8 |
12 |
12 |
32 |
|
1st period
1. Saguenéens , Juraj Mikus 40 (Kerby Rychel 6, Tobias Rieder 42) at 9:01
2. Rafales , Kevin Veilleux 15 (Joey Laleggia 7, James Marcou 17) at 11:48
3. Saguenéens , Jerry D'Amigo 11 (Jake McCabe 35) at 13:00
4. Saguenéens , Rhett Rakhshani 18 (Nathan MacKinnon 48) at 18:06
5. Rafales , Kevin Veilleux 16 (Carl Klingberg 33, Matt Gilroy 46) at 18:16
Penalties :
Matt Gilroy (Stf) for Hooking (Minor) at 3:44, Kevin Veilleux (Stf) for Holding (Minor) at 14:38
2nd period
6. Saguenéens , Kerby Rychel 13 (Juraj Mikus 38, Bobby Sanguinetti 50) at 7:42
Penalties :
Kyle Brodziak (Chi) for Roughing (Minor) at 10:48, Mike Sauer (Chi) for Interference (Minor) at 13:46
3rd period
7. Saguenéens , Luke Witkowski 53 (Nick Mattson 18) at 12:43
8. Rafales , Milan Bartovic 37 (Cody McLeod 78, Mike Zigomanis 71) at 18:58 (PP)
Penalties :
Mike Zigomanis (Stf) for Slashing (Minor) at 13:02, Kyle Brodziak (Chi) for Holding (Minor) at 18:12
Goalie Stats
Sean Maguire (Stf), 27 saves from 32 shots - (0.844), L, 1-4-1, 60:00 minutes
Martin Jones (Chi), 24 saves from 27 shots - (0.889), W, 32-15-5, 60:00 minutes
Players Stats for Rafales
Player Name G A P +/- PIM S H SB GA TA FO MP PP MP PK MP
------------------------------------------------------------------------------------
Akim Aliu 0 0 0 -1 0 1 0 0 0 0 1/1 8:08 0:00 0:00
Brian Ferlin 0 0 0 0 0 0 1 1 0 0 1/1 15:59 1:54 0:11
Carl Klingberg 0 1 1 0 0 2 2 0 0 0 0/0 13:26 0:03 2:15
Cedric Paquette 0 0 0 0 0 0 1 0 0 0 1/2 10:16 0:00 2:25
Chris Terry 0 0 0 -1 0 4 0 0 0 0 0/0 8:37 0:00 0:50
Cody McLeod 0 1 1 -2 0 2 1 0 0 2 0/2 20:32 2:47 1:54
Connor Murphy 0 0 0 0 0 2 1 1 1 1 0/0 25:41 3:24 2:12
Dylan McIlrath 0 0 0 -1 0 0 1 1 0 1 0/0 19:47 1:20 2:47
James Marcou 0 1 1 0 0 3 0 0 0 0 0/0 11:29 0:00 0:00
James Sheppard 0 0 0 0 0 3 1 0 0 1 1/2 18:20 1:54 2:49
Joey Laleggia 0 1 1 -2 0 1 1 1 0 0 0/0 13:38 0:00 0:40
Julian Melchiori 0 0 0 -1 0 0 1 1 1 1 0/0 20:08 1:20 3:05
Kevin Veilleux 2 0 2 0 2 3 0 0 1 0 3/7 11:56 0:00 0:00
Matt Gilroy 0 1 1 0 2 1 1 0 1 2 0/0 25:47 3:24 2:12
Mike Zigomanis 0 1 1 -3 2 1 2 0 2 0 9/23 20:41 2:50 0:59
Milan Bartovic 1 0 1 -2 0 2 2 0 1 0 0/0 19:14 2:50 0:00
Nathan Davis 0 0 0 0 0 1 0 0 0 0 10/15 16:22 1:54 0:31
Slater Koekkoek 0 0 0 -2 0 1 0 1 0 0 0/0 13:59 0:00 0:58
Players Stats for Saguenéens
Player Name G A P +/- PIM S H SB GA TA FO MP PP MP PK MP
------------------------------------------------------------------------------------
Adam Erne 0 0 0 0 0 0 0 0 0 0 0/0 0:20 0:14 0:00
Bobby Sanguinetti 0 1 1 -2 0 3 0 4 1 3 0/0 24:29 2:29 2:48
Calle Andersson 0 0 0 1 0 0 0 0 0 0 0/0 5:26 0:00 0:00
Dalton Prout 0 0 0 -2 0 1 3 3 0 0 0/0 24:29 2:29 2:48
Dylan Labbe 0 0 0 0 0 0 0 0 0 0 0/0 0:41 0:41 0:00
Henrik Samuelsson 0 0 0 0 0 0 0 0 0 0 0/0 2:06 0:50 0:47
Jake McCabe 0 1 1 4 0 0 0 0 1 1 0/0 12:39 0:54 1:02
Jerry D'Amigo 1 0 1 1 0 3 1 1 0 0 0/0 10:09 1:04 0:00
Juraj Mikus 1 1 2 1 0 5 1 2 1 0 4/14 16:16 2:40 0:35
Kerby Rychel 1 1 2 1 0 4 2 1 0 1 0/1 15:40 2:39 0:00
Kyle Brodziak 0 0 0 1 4 2 0 0 1 0 14/22 18:32 1:59 0:57
Luke Witkowski 1 0 1 1 0 3 2 0 1 1 0/0 20:11 1:59 2:41
Mattias Janmark 0 0 0 0 0 0 0 0 0 0 0/0 1:01 0:51 0:00
Mike Sauer 0 0 0 0 2 0 4 0 1 0 0/0 18:12 2:47 0:54
Mikhail Grigorenko 0 0 0 0 0 0 0 1 0 0 2/3 3:36 0:27 2:10
Myles Bell 0 0 0 0 0 0 1 0 0 0 0/1 11:14 0:29 0:15
Nathan MacKinnon 0 1 1 0 0 2 1 0 0 0 2/3 10:36 0:00 0:00
Nick Mattson 0 1 1 4 0 0 0 1 1 1 0/0 11:16 0:00 0:14
Nick Paul 0 0 0 1 0 0 0 0 0 0 0/0 8:55 0:00 0:00
Patrick Sieloff 0 0 0 1 0 0 2 0 0 0 0/0 5:46 0:00 0:00
Rhett Rakhshani 1 0 1 0 0 4 4 0 0 0 0/0 10:36 0:00 0:00
Seth Jones 0 0 0 0 0 3 0 0 0 0 0/0 17:54 2:34 1:42
Tanner Richard 0 0 0 1 0 0 1 0 0 0 3/5 9:10 0:00 0:15
Teemu Pulkkinen 0 0 0 1 0 2 0 0 1 0 2/2 19:43 1:59 1:13
Tobias Rieder 0 1 1 1 0 0 1 0 0 0 0/2 16:16 2:40 0:35
3 Stars
1 - Kerby Rychel (Chi)
2 - Juraj Mikus (Chi)
3 - Nick Mattson (Chi)
Power Play
Rafales - 1 on 3 Attempt(s) - 33.33%
Saguenéens - 0 on 3 Attempt(s) - 0.00%
Penalty Kill
Rafales - 3 on 3 Attempt(s) - 100.00%
- Score 0 goal in Penalty Kill
Saguenéens - 2 on 3 Attempt(s) - 66.67%
- Score 0 goal in Penalty Kill
Team Stat
Rafales - Hits : 15 - Faceoff Wins : 26 - Blocked Shots : 6 - Penalty Minutes : 6
Saguenéens - Hits : 23 - Faceoff Wins : 27 - Blocked Shots : 13 - Penalty Minutes : 6
Official
Referees : Unknown
Linesman : Unknown
Game Notes
No Game Note
Finance
Level 1 -- Attendance: 1413 (70.65%) -- Ticket Income $56,520
Level 2 -- Attendance: 812 (81.20%) -- Ticket Income $16,240
Total Attendance: 2225 (74.17%)
Total Ticket Income: $72,760
Other Income: $3,638
Total Income: $76,398
Rafales
5 vs 5 Forward
Center Left Wing Right Wing Time % Phy DF OF
1 Mike Zigomanis Cody McLeod Milan Bartovic 40 0 1 4
2 Nathan Davis James Sheppard Brian Ferlin 30 0 1 4
3 Kevin Veilleux Carl Klingberg James Marcou 20 1 1 3
4 Cedric Paquette Chris Terry Akim Aliu 10 2 1 2
5 vs 5 Defense
Defense Defense Time % Phy DF OF
1 Matt Gilroy Connor Murphy 40 1 3 1
2 Julian Melchiori Dylan McIlrath 30 1 3 1
3 Slater Koekkoek Joey Laleggia 20 1 3 1
4 Matt Gilroy Connor Murphy 10 1 3 1
PowerPlay Forward
Center Left Wing Right Wing Time % Phy DF OF
1 Mike Zigomanis Cody McLeod Milan Bartovic 60 0 0 5
2 Nathan Davis James Sheppard Brian Ferlin 40 0 0 5
PowerPlay Defense
Defense Defense Time % Phy DF OF
1 Matt Gilroy Connor Murphy 60 0 2 3
2 Julian Melchiori Dylan McIlrath 40 0 2 3
Penalty Kill 4 Players Forward
Center Wing Time % Phy DF OF
1 Mike Zigomanis Cody McLeod 60 1 3 1
2 James Sheppard Carl Klingberg 40 1 3 1
Penalty Kill 4 Players Defense
Defense Defense Time % Phy DF OF
1 Matt Gilroy Connor Murphy 60 2 3 0
2 Julian Melchiori Dylan McIlrath 40 2 3 0
Penalty Kill - 3 Players Forward
Forward Time % Phy DF OF
1 Mike Zigomanis 60 0 5 0
2 Cody McLeod 40 0 5 0
Penalty Kill - 3 Players Defense
Defense Defense Time % Phy DF OF
1 Matt Gilroy Connor Murphy 60 1 4 0
2 Julian Melchiori Dylan McIlrath 40 1 4 0
4 vs 4 Forward
Center Wing Time % Phy DF OF
1 Mike Zigomanis Cody McLeod 60 1 1 3
2 James Sheppard Carl Klingberg 40 1 1 3
4 vs 4 Defense
Defense Defense Time % Phy DF OF
1 Matt Gilroy Connor Murphy 60 1 3 1
2 Julian Melchiori Dylan McIlrath 40 1 3 1
Last Minutes Offensive
Center Left Wing Right Wing Defense Defense
Mike Zigomanis Cody McLeod Milan Bartovic Matt Gilroy Connor Murphy
Last Minutes Defensive
Center Left Wing Right Wing Defense Defense
Mike Zigomanis Cody McLeod Milan Bartovic Matt Gilroy Connor Murphy
Goaltenders
Starting : Sean Maguire
Backup : Leland Irving
Extra Forwards
Normal : Mike Zigomanis, Cody McLeod, Milan Bartovic - PP : Mike Zigomanis, Cody McLeod - PK : James Sheppard
Extra Defensemen
Normal : Connor Murphy, Matt Gilroy, Julian Melchiori - PP : Connor Murphy - PK : Matt Gilroy, Julian Melchiori
Penalty Shots
Mike Zigomanis, Cody McLeod, James Sheppard, Carl Klingberg, Nathan Davis
Scratches
Ben Sexton (Healthy), Ryan Bourque (Healthy), Ben Johnson (Healthy), Jayson Megna (Healthy), Brad Ross (Healthy)
Michael Ryder (Strained Groin Injury), Ben Thomson (Healthy), Tyrell Goulbourne (Healthy), David Broll (Healthy), Stefan Chaput (Healthy)
Dennis Persson (Healthy), Maksim Mayorov (Healthy), Chris Driedger (Healthy)
Saguenéens
5 vs 5 Forward
Center Left Wing Right Wing Time % Phy DF OF
1 Kyle Brodziak Teemu Pulkkinen Luke Witkowski 40 1 2 2
2 Juraj Mikus Kerby Rychel Tobias Rieder 30 1 2 2
3 Nathan MacKinnon Myles Bell Rhett Rakhshani 20 1 2 2
4 Tanner Richard Nick Paul Jerry D'Amigo 10 1 2 2
5 vs 5 Defense
Defense Defense Time % Phy DF OF
1 Dalton Prout Bobby Sanguinetti 40 1 2 2
2 Seth Jones Mike Sauer 30 1 2 2
3 Jake McCabe Nick Mattson 20 1 2 2
4 Patrick Sieloff Calle Andersson 10 1 2 2
PowerPlay Forward
Center Left Wing Right Wing Time % Phy DF OF
1 Kyle Brodziak Teemu Pulkkinen Luke Witkowski 60 1 2 2
2 Juraj Mikus Kerby Rychel Tobias Rieder 40 1 2 2
PowerPlay Defense
Defense Defense Time % Phy DF OF
1 Dalton Prout Bobby Sanguinetti 60 1 2 2
2 Seth Jones Mike Sauer 40 1 2 2
Penalty Kill 4 Players Forward
Center Wing Time % Phy DF OF
1 Kyle Brodziak Luke Witkowski 60 1 2 2
2 Tobias Rieder Juraj Mikus 40 1 2 2
Penalty Kill 4 Players Defense
Defense Defense Time % Phy DF OF
1 Dalton Prout Bobby Sanguinetti 60 1 2 2
2 Seth Jones Mike Sauer 40 1 2 2
Penalty Kill - 3 Players Forward
Forward Time % Phy DF OF
1 Kyle Brodziak 60 1 2 2
2 Luke Witkowski 40 1 2 2
Penalty Kill - 3 Players Defense
Defense Defense Time % Phy DF OF
1 Dalton Prout Bobby Sanguinetti 60 1 2 2
2 Seth Jones Mike Sauer 40 1 2 2
4 vs 4 Forward
Center Wing Time % Phy DF OF
1 Kyle Brodziak Luke Witkowski 60 1 2 2
2 Tobias Rieder Juraj Mikus 40 1 2 2
4 vs 4 Defense
Defense Defense Time % Phy DF OF
1 Dalton Prout Bobby Sanguinetti 60 1 2 2
2 Seth Jones Mike Sauer 40 1 2 2
Last Minutes Offensive
Center Left Wing Right Wing Defense Defense
Kyle Brodziak Teemu Pulkkinen Luke Witkowski Dalton Prout Bobby Sanguinetti
Last Minutes Defensive
Center Left Wing Right Wing Defense Defense
Kyle Brodziak Teemu Pulkkinen Luke Witkowski Dalton Prout Bobby Sanguinetti
Goaltenders
Starting : Martin Jones
Backup : Joe Cannata
Extra Forwards
Normal : Henrik Samuelsson, Mattias Janmark, Mikhail Grigorenko - PP : Henrik Samuelsson, Mattias Janmark - PK : Mikhail Grigorenko
Extra Defensemen
Normal : Dylan Labbe, Jake McCabe, Nick Mattson - PP : Dylan Labbe - PK : Jake McCabe, Nick Mattson
Penalty Shots
Kyle Brodziak, Luke Witkowski, Tobias Rieder, Juraj Mikus, Rhett Rakhshani
Scratches
Michael Giugovaz (Healthy)
% Time on Ice - Rafales
Lines # - Real PCT - Wanted PCT - Time Play
Normal Forward
1 - 34% - 40% - 16:45
2 - 28% - 30% - 13:48
3 - 23% - 20% - 11:21
4 - 15% - 10% - 7:25
Normal Defense
1 - 38% - 40% - 18:45
2 - 34% - 30% - 16:41
3 - 25% - 20% - 12:30
4 - 3% - 10% - 1:23
PP Forward
1 - 60% - 60% - 2:50
2 - 40% - 40% - 1:54
PP Defense
1 - 72% - 60% - 3:24
2 - 28% - 40% - 1:20
PK Forward
1 - 67% - 60% - 3:58
2 - 33% - 40% - 1:59
PK Defense
1 - 42% - 60% - 2:30
2 - 58% - 40% - 3:27
PK3 Forward
1 - 0% - 60%
2 - 0% - 40%
PK3 Defense
1 - 0% - 60%
2 - 0% - 40%
44 Forward
1 - 0% - 60%
2 - 0% - 40%
44 Defense
1 - 0% - 60%
2 - 0% - 40%
Last Minute Offensive - 0:00
Last Minute Defensive - 0:00
Total
Forward - 60:00
Defense - 60:00
|
% Time on Ice - Saguenéens
Lines # - Real PCT - Wanted PCT - Time Play
Normal Forward
1 - 34% - 40% - 16:41
2 - 27% - 30% - 13:07
3 - 21% - 20% - 10:36
4 - 18% - 10% - 8:55
Normal Defense
1 - 39% - 40% - 19:12
2 - 28% - 30% - 13:55
3 - 22% - 20% - 10:46
4 - 11% - 10% - 5:26
PP Forward
1 - 38% - 60% - 2:17
2 - 62% - 40% - 3:40
PP Defense
1 - 42% - 60% - 2:29
2 - 58% - 40% - 3:28
PK Forward
1 - 88% - 60% - 4:09
2 - 12% - 40% - 0:35
PK Defense
1 - 59% - 60% - 2:48
2 - 41% - 40% - 1:56
PK3 Forward
1 - 0% - 60%
2 - 0% - 40%
PK3 Defense
1 - 0% - 60%
2 - 0% - 40%
44 Forward
1 - 0% - 60%
2 - 0% - 40%
44 Defense
1 - 0% - 60%
2 - 0% - 40%
Last Minute Offensive - 0:00
Last Minute Defensive - 0:00
Total
Forward - 60:00
Defense - 60:00
|
Play-by-Play
1st period
0:01 of 1st period - Kyle Brodziak wins face-off versus Mike Zigomanis in neutral zone.
0:04 of 1st period - Backhand shot by Bobby Sanguinetti.
0:04 of 1st period - Deflect By Matt Gilroy.
0:04 of 1st period - Stopped by Sean Maguire with a rebound.
0:09 of 1st period - Off-side.
0:10 of 1st period - Kyle Brodziak wins face-off versus Mike Zigomanis in neutral zone.
1:08 of 1st period - Dalton Prout is hit by Milan Bartovic and loses puck.
1:21 of 1st period - Snap shot by Cody McLeod.
1:21 of 1st period - Shot Misses the Net.
1:23 of 1st period - Slapshot by Matt Gilroy.
1:23 of 1st period - Stopped by Martin Jones with a rebound.
1:35 of 1st period - Snap shot by Cody McLeod.
1:35 of 1st period - Stopped by Martin Jones with a rebound.
1:49 of 1st period - Slapshot by Milan Bartovic.
1:49 of 1st period - Stopped by Martin Jones with a rebound.
3:44 of 1st period - Minor Penalty to Matt Gilroy for Hooking.
3:45 of 1st period - James Sheppard wins face-off versus Tobias Rieder in Rafales zone.
4:01 of 1st period - Carl Klingberg is hit by Kerby Rychel and loses puck.
5:43 of 1st period - Mike Sauer is hit by Brian Ferlin and loses puck.
5:44 of 1st period - Penalty to Matt Gilroy is over, Matt Gilroy is back on ice.
6:24 of 1st period - James Marcou is hit by Patrick Sieloff and loses puck.
6:51 of 1st period - Juraj Mikus is hit by Carl Klingberg and loses puck.
7:21 of 1st period - Icing by Jerry D'Amigo.
7:22 of 1st period - Tanner Richard wins face-off versus Kevin Veilleux in Saguenéens zone.
7:46 of 1st period - Icing by Patrick Sieloff.
7:47 of 1st period - Cedric Paquette wins face-off versus Juraj Mikus in Saguenéens zone.
7:50 of 1st period - Snap shot by Chris Terry.
7:50 of 1st period - Shot Misses the Net.
8:36 of 1st period - Slapshot by Tanner Richard.
8:36 of 1st period - Shot Misses the Net.
8:38 of 1st period - Slapshot by Mike Sauer.
8:38 of 1st period - Shot Misses the Net.
9:01 of 1st period - Snap shot by Juraj Mikus.
9:01 of 1st period - Goal by Juraj Mikus - Rafales : 0 - Saguenéens : 1.
9:02 of 1st period - Nathan Davis wins face-off versus Juraj Mikus in neutral zone.
9:11 of 1st period - Wrist shot by Nathan Davis.
9:11 of 1st period - Deflect By James Sheppard.
9:11 of 1st period - Shot Misses the Net.
9:11 of 1st period - Puck is out of play.
9:12 of 1st period - Nathan Davis wins face-off versus Juraj Mikus in Saguenéens zone.
9:17 of 1st period - Slapshot by James Sheppard.
9:17 of 1st period - Stopped by Martin Jones without a rebound.
9:18 of 1st period - Nathan Davis wins face-off versus Juraj Mikus in Saguenéens zone.
9:19 of 1st period - Snap shot by Brian Ferlin.
9:19 of 1st period - Shot Misses the Net.
9:21 of 1st period - Slapshot by Joey Laleggia.
9:21 of 1st period - Shot Misses the Net.
9:49 of 1st period - Wrist shot by Kyle Brodziak.
9:49 of 1st period - Shot Misses the Net.
10:05 of 1st period - Wrist shot by Kevin Veilleux.
10:05 of 1st period - Stopped by Martin Jones without a rebound.
10:06 of 1st period - Kevin Veilleux wins face-off versus Myles Bell in Saguenéens zone.
10:07 of 1st period - Slapshot by Carl Klingberg.
10:07 of 1st period - Stopped by Martin Jones with a rebound.
10:31 of 1st period - Seth Jones is hit by Cedric Paquette and loses puck.
11:22 of 1st period - Slapshot by Seth Jones.
11:22 of 1st period - Stopped by Sean Maguire with a rebound.
11:40 of 1st period - Wrist shot by James Marcou.
11:40 of 1st period - Stopped by Martin Jones with a rebound.
11:42 of 1st period - Slapshot by James Marcou.
11:42 of 1st period - Stopped by Martin Jones with a rebound.
11:44 of 1st period - Slapshot by Joey Laleggia.
11:44 of 1st period - Shot Misses the Net.
11:46 of 1st period - Slapshot by Joey Laleggia.
11:46 of 1st period - Deflect By James Marcou.
11:46 of 1st period - Stopped by Martin Jones with a rebound.
11:48 of 1st period - Slapshot by Joey Laleggia.
11:48 of 1st period - Deflect By Kevin Veilleux.
11:48 of 1st period - Goal by Kevin Veilleux - Rafales : 1 - Saguenéens : 1.
11:49 of 1st period - Nathan Davis wins face-off versus Juraj Mikus in neutral zone.
12:14 of 1st period - Jake McCabe is hit by Milan Bartovic and loses puck.
12:37 of 1st period - Rhett Rakhshani is hit by Julian Melchiori and loses puck.
12:56 of 1st period - Snap shot by Jerry D'Amigo.
12:56 of 1st period - Stopped by Sean Maguire with a rebound.
12:58 of 1st period - Slapshot by Jake McCabe.
12:58 of 1st period - Shot Blocked by Joey Laleggia.
13:00 of 1st period - Slapshot by Jerry D'Amigo.
13:00 of 1st period - Goal by Jerry D'Amigo - Rafales : 1 - Saguenéens : 2.
13:01 of 1st period - Nathan Davis wins face-off versus Juraj Mikus in neutral zone.
13:14 of 1st period - Slapshot by Brian Ferlin.
13:14 of 1st period - Shot Misses the Net.
13:16 of 1st period - Snap shot by Brian Ferlin.
13:16 of 1st period - Shot Blocked by Dalton Prout.
14:03 of 1st period - Snap shot by Jerry D'Amigo.
14:03 of 1st period - Stopped by Sean Maguire with a rebound.
14:21 of 1st period - Snap shot by Tobias Rieder.
14:21 of 1st period - Shot Hit the Post.
14:38 of 1st period - Minor Penalty to Kevin Veilleux for Holding.
14:39 of 1st period - Kyle Brodziak wins face-off versus Cody McLeod in Rafales zone.
16:38 of 1st period - Penalty to Kevin Veilleux is over, Kevin Veilleux is back on ice.
16:54 of 1st period - Slater Koekkoek is hit by Rhett Rakhshani and loses puck.
17:01 of 1st period - Mike Sauer is hit by James Sheppard and loses puck.
18:06 of 1st period - Snap shot by Rhett Rakhshani.
18:06 of 1st period - Goal by Rhett Rakhshani - Rafales : 1 - Saguenéens : 3.
18:07 of 1st period - Kevin Veilleux wins face-off versus Juraj Mikus in neutral zone.
18:16 of 1st period - Snap shot by Kevin Veilleux.
18:16 of 1st period - Goal by Kevin Veilleux - Rafales : 2 - Saguenéens : 3.
18:17 of 1st period - Nathan Davis wins face-off versus Juraj Mikus in neutral zone.
18:49 of 1st period - Matt Gilroy is hit by Mike Sauer and loses puck.
19:06 of 1st period - Cedric Paquette is hit by Rhett Rakhshani.
19:12 of 1st period - Wrist shot by Nathan MacKinnon.
19:12 of 1st period - Stopped by Sean Maguire with a rebound.
19:26 of 1st period - Snap shot by Kevin Veilleux.
19:26 of 1st period - Shot Blocked by Nick Mattson.
19:28 of 1st period - Wrist shot by Dylan McIlrath.
19:28 of 1st period - Shot Blocked by Jerry D'Amigo.
Goals for this period are 2 for Rafales vs 3 for Saguenéens.
Shots for this period are 11 for Rafales vs 8 for Saguenéens.
2nd period
0:01 of 2nd period - Kyle Brodziak wins face-off versus Mike Zigomanis in neutral zone.
1:26 of 2nd period - Julian Melchiori is hit by Kerby Rychel and loses puck.
2:08 of 2nd period - Julian Melchiori is hit by Tanner Richard and loses puck.
2:17 of 2nd period - Slapshot by Slater Koekkoek.
2:17 of 2nd period - Deflect By Akim Aliu.
2:17 of 2nd period - Stopped by Martin Jones with a rebound.
2:19 of 2nd period - Slapshot by Slater Koekkoek.
2:19 of 2nd period - Stopped by Martin Jones with a rebound.
2:21 of 2nd period - Wrist shot by Chris Terry.
2:21 of 2nd period - Stopped by Martin Jones with a rebound.
2:23 of 2nd period - Slapshot by Cedric Paquette.
2:23 of 2nd period - Shot Misses the Net.
2:25 of 2nd period - Slapshot by Joey Laleggia.
2:25 of 2nd period - Stopped by Martin Jones without a rebound.
2:26 of 2nd period - Juraj Mikus wins face-off versus Mike Zigomanis in Saguenéens zone.
2:35 of 2nd period - Backhand shot by Cody McLeod.
2:35 of 2nd period - Deflect By Milan Bartovic.
2:35 of 2nd period - Shot Blocked by Kerby Rychel.
2:35 of 2nd period - Puck is out of play.
2:36 of 2nd period - Mike Zigomanis wins face-off versus Juraj Mikus in Saguenéens zone.
2:45 of 2nd period - Snap shot by Kerby Rychel.
2:45 of 2nd period - Stopped by Sean Maguire with a rebound.
2:47 of 2nd period - Snap shot by Juraj Mikus.
2:47 of 2nd period - Stopped by Sean Maguire with a rebound.
3:11 of 2nd period - Snap shot by Juraj Mikus.
3:11 of 2nd period - Shot Blocked by Slater Koekkoek.
3:13 of 2nd period - Slapshot by Kerby Rychel.
3:13 of 2nd period - Stopped by Sean Maguire with a rebound.
3:15 of 2nd period - Slapshot by Kerby Rychel.
3:15 of 2nd period - Stopped by Sean Maguire with a rebound.
3:17 of 2nd period - Wrist shot by Kerby Rychel.
3:17 of 2nd period - Shot Misses the Net.
3:19 of 2nd period - Snap shot by Juraj Mikus.
3:19 of 2nd period - Stopped by Sean Maguire without a rebound.
3:20 of 2nd period - Kyle Brodziak wins face-off versus Nathan Davis in Rafales zone.
3:27 of 2nd period - Wrist shot by Teemu Pulkkinen.
3:27 of 2nd period - Stopped by Sean Maguire without a rebound.
3:28 of 2nd period - Kyle Brodziak wins face-off versus Nathan Davis in Rafales zone.
3:31 of 2nd period - Wrist shot by Teemu Pulkkinen.
3:31 of 2nd period - Shot Blocked by Brian Ferlin.
3:57 of 2nd period - Slapshot by Matt Gilroy.
3:57 of 2nd period - Shot Blocked by Bobby Sanguinetti.
3:59 of 2nd period - Snap shot by Carl Klingberg.
3:59 of 2nd period - Shot Misses the Net.
4:01 of 2nd period - Slapshot by Matt Gilroy.
4:01 of 2nd period - Shot Blocked by Bobby Sanguinetti.
4:03 of 2nd period - Snap shot by Connor Murphy.
4:03 of 2nd period - Stopped by Martin Jones without a rebound.
4:04 of 2nd period - Juraj Mikus wins face-off versus Mike Zigomanis in Saguenéens zone.
4:11 of 2nd period - Mike Zigomanis is hit by Mike Sauer and loses puck.
4:38 of 2nd period - Snap shot by Nathan MacKinnon.
4:38 of 2nd period - Stopped by Sean Maguire without a rebound.
4:39 of 2nd period - Brian Ferlin wins face-off versus Kyle Brodziak in Rafales zone.
4:39 of 2nd period - Brian Ferlin is hit by Dalton Prout.
5:29 of 2nd period - Snap shot by Chris Terry.
5:29 of 2nd period - Stopped by Martin Jones with a rebound.
6:13 of 2nd period - Slapshot by Kyle Brodziak.
6:13 of 2nd period - Shot Misses the Net.
6:37 of 2nd period - Icing by Kevin Veilleux.
6:38 of 2nd period - Juraj Mikus wins face-off versus Kevin Veilleux in Rafales zone.
6:56 of 2nd period - Slapshot by Kevin Veilleux.
6:56 of 2nd period - Shot Misses the Net.
6:58 of 2nd period - Wrist shot by Kevin Veilleux.
6:58 of 2nd period - Deflect By Carl Klingberg.
6:58 of 2nd period - Shot Blocked by Juraj Mikus.
6:58 of 2nd period - Puck is out of play.
6:59 of 2nd period - Kyle Brodziak wins face-off versus Mike Zigomanis in Saguenéens zone.
7:10 of 2nd period - Snap shot by Luke Witkowski.
7:10 of 2nd period - Stopped by Sean Maguire without a rebound.
7:11 of 2nd period - Nathan Davis wins face-off versus Kyle Brodziak in Rafales zone.
7:40 of 2nd period - Slapshot by Kerby Rychel.
7:40 of 2nd period - Shot Misses the Net.
7:42 of 2nd period - Slapshot by Kerby Rychel.
7:42 of 2nd period - Goal by Kerby Rychel - Rafales : 2 - Saguenéens : 4.
7:43 of 2nd period - Mike Zigomanis wins face-off versus Kyle Brodziak in neutral zone.
7:50 of 2nd period - Wrist shot by Milan Bartovic.
7:50 of 2nd period - Shot Misses the Net.
9:31 of 2nd period - Snap shot by Tobias Rieder.
9:31 of 2nd period - Shot Misses the Net.
9:49 of 2nd period - Julian Melchiori is hit by Rhett Rakhshani and loses puck.
10:14 of 2nd period - Connor Murphy is hit by Luke Witkowski and loses puck.
10:31 of 2nd period - Snap shot by Chris Terry.
10:31 of 2nd period - Stopped by Martin Jones without a rebound.
10:32 of 2nd period - Akim Aliu wins face-off versus Tanner Richard in Saguenéens zone.
10:33 of 2nd period - Snap shot by Chris Terry.
10:33 of 2nd period - Shot Misses the Net.
10:37 of 2nd period - Wrist shot by Chris Terry.
10:37 of 2nd period - Shot Blocked by Dalton Prout.
10:39 of 2nd period - Slapshot by Chris Terry.
10:39 of 2nd period - Shot Blocked by Bobby Sanguinetti.
10:41 of 2nd period - Slapshot by Connor Murphy.
10:41 of 2nd period - Deflect By Tanner Richard.
10:41 of 2nd period - Stopped by Martin Jones without a rebound.
10:42 of 2nd period - Mike Zigomanis wins face-off versus Kyle Brodziak in Saguenéens zone.
10:48 of 2nd period - Minor Penalty to Kyle Brodziak for Roughing.
10:49 of 2nd period - Mike Zigomanis wins face-off versus Mikhail Grigorenko in Saguenéens zone.
12:48 of 2nd period - Penalty to Kyle Brodziak is over, Kyle Brodziak is back on ice.
12:52 of 2nd period - Slapshot by Bobby Sanguinetti.
12:52 of 2nd period - Shot Blocked by Julian Melchiori.
12:54 of 2nd period - Slapshot by Dalton Prout.
12:54 of 2nd period - Stopped by Sean Maguire without a rebound.
12:55 of 2nd period - Mike Zigomanis wins face-off versus Tobias Rieder in Rafales zone.
13:15 of 2nd period - Snap shot by Rhett Rakhshani.
13:15 of 2nd period - Stopped by Sean Maguire without a rebound.
13:16 of 2nd period - Kevin Veilleux wins face-off versus Juraj Mikus in Rafales zone.
13:46 of 2nd period - Minor Penalty to Mike Sauer for Interference.
13:47 of 2nd period - Kyle Brodziak wins face-off versus Mike Zigomanis in Saguenéens zone.
15:46 of 2nd period - Penalty to Mike Sauer is over, Mike Sauer is back on ice.
16:01 of 2nd period - Nick Mattson is hit by Carl Klingberg.
16:48 of 2nd period - Joey Laleggia is hit by Tobias Rieder and loses puck.
17:40 of 2nd period - Slapshot by Juraj Mikus.
17:40 of 2nd period - Stopped by Sean Maguire with a rebound.
18:08 of 2nd period - Kevin Veilleux is hit by Nathan MacKinnon and loses puck.
19:18 of 2nd period - Slapshot by Nathan Davis.
19:18 of 2nd period - Stopped by Martin Jones without a rebound.
19:19 of 2nd period - Juraj Mikus wins face-off versus Nathan Davis in Saguenéens zone.
Goals for this period are 0 for Rafales vs 1 for Saguenéens.
Shots for this period are 9 for Rafales vs 12 for Saguenéens.
3rd period
0:01 of 3rd period - Kyle Brodziak wins face-off versus Mike Zigomanis in neutral zone.
1:11 of 3rd period - Wrist shot by Chris Terry.
1:11 of 3rd period - Stopped by Martin Jones without a rebound.
1:12 of 3rd period - Tanner Richard wins face-off versus Cedric Paquette in Saguenéens zone.
1:12 of 3rd period - Tanner Richard is hit by Dylan McIlrath.
2:02 of 3rd period - Slapshot by Rhett Rakhshani.
2:02 of 3rd period - Stopped by Sean Maguire with a rebound.
2:04 of 3rd period - Slapshot by Bobby Sanguinetti.
2:04 of 3rd period - Stopped by Sean Maguire without a rebound.
2:05 of 3rd period - Nathan MacKinnon wins face-off versus Nathan Davis in Rafales zone.
2:06 of 3rd period - Wrist shot by Rhett Rakhshani.
2:06 of 3rd period - Stopped by Sean Maguire without a rebound.
2:07 of 3rd period - Nathan Davis wins face-off versus Nathan MacKinnon in Rafales zone.
2:07 of 3rd period - Nathan Davis is hit by Myles Bell.
2:17 of 3rd period - Snap shot by Nathan MacKinnon.
2:17 of 3rd period - Shot Misses the Net.
2:19 of 3rd period - Wrist shot by Myles Bell.
2:19 of 3rd period - Shot Misses the Net.
2:21 of 3rd period - Snap shot by Bobby Sanguinetti.
2:21 of 3rd period - Stopped by Sean Maguire with a rebound.
2:23 of 3rd period - Slapshot by Myles Bell.
2:23 of 3rd period - Shot Blocked by Dylan McIlrath.
2:31 of 3rd period - Snap shot by Rhett Rakhshani.
2:31 of 3rd period - Shot Misses the Net.
2:33 of 3rd period - Slapshot by Seth Jones.
2:33 of 3rd period - Stopped by Sean Maguire without a rebound.
2:34 of 3rd period - Mike Zigomanis wins face-off versus Kyle Brodziak in Rafales zone.
2:37 of 3rd period - Slapshot by Seth Jones.
2:37 of 3rd period - Stopped by Sean Maguire without a rebound.
2:38 of 3rd period - Mike Zigomanis wins face-off versus Kyle Brodziak in Rafales zone.
3:06 of 3rd period - Seth Jones is hit by Matt Gilroy.
3:12 of 3rd period - Wrist shot by James Sheppard.
3:12 of 3rd period - Deflect By Seth Jones.
3:12 of 3rd period - Shot Misses the Net.
3:12 of 3rd period - Puck is out of play.
3:13 of 3rd period - Kyle Brodziak wins face-off versus Nathan Davis in Saguenéens zone.
3:39 of 3rd period - Dalton Prout is hit by Cody McLeod and loses puck.
4:25 of 3rd period - Wrist shot by Kyle Brodziak.
4:25 of 3rd period - Stopped by Sean Maguire without a rebound.
4:26 of 3rd period - Teemu Pulkkinen wins face-off versus Mike Zigomanis in Rafales zone.
4:53 of 3rd period - Matt Gilroy is hit by Dalton Prout and loses puck.
5:25 of 3rd period - James Marcou is hit by Patrick Sieloff and loses puck.
5:44 of 3rd period - Chris Terry is hit by Jerry D'Amigo and loses puck.
6:48 of 3rd period - Off-side.
6:49 of 3rd period - Kyle Brodziak wins face-off versus Mike Zigomanis in neutral zone.
6:52 of 3rd period - Snap shot by Teemu Pulkkinen.
6:52 of 3rd period - Stopped by Sean Maguire without a rebound.
6:53 of 3rd period - Kyle Brodziak wins face-off versus Mike Zigomanis in Rafales zone.
7:42 of 3rd period - Slapshot by Carl Klingberg.
7:42 of 3rd period - Stopped by Martin Jones with a rebound.
9:10 of 3rd period - Rhett Rakhshani is hit by Joey Laleggia and loses puck.
9:31 of 3rd period - Wrist shot by Kyle Brodziak.
9:31 of 3rd period - Stopped by Sean Maguire without a rebound.
9:32 of 3rd period - Teemu Pulkkinen wins face-off versus Cody McLeod in Rafales zone.
9:41 of 3rd period - Wrist shot by Luke Witkowski.
9:41 of 3rd period - Shot Blocked by Connor Murphy.
9:43 of 3rd period - Snap shot by Luke Witkowski.
9:43 of 3rd period - Stopped by Sean Maguire with a rebound.
10:14 of 3rd period - Dalton Prout is hit by Mike Zigomanis and loses puck.
10:18 of 3rd period - Icing by Bobby Sanguinetti.
10:19 of 3rd period - Nathan Davis wins face-off versus Tanner Richard in Saguenéens zone.
10:20 of 3rd period - Wrist shot by Brian Ferlin.
10:20 of 3rd period - Shot Misses the Net.
11:32 of 3rd period - Slapshot by Tanner Richard.
11:32 of 3rd period - Deflect By Nathan Davis.
11:32 of 3rd period - Shot Misses the Net.
11:32 of 3rd period - Puck is out of play.
11:33 of 3rd period - Mike Zigomanis wins face-off versus Kyle Brodziak in Rafales zone.
11:33 of 3rd period - Mike Zigomanis is hit by Luke Witkowski.
11:59 of 3rd period - Julian Melchiori is hit by Mike Sauer and loses puck.
12:06 of 3rd period - Snap shot by Carl Klingberg.
12:06 of 3rd period - Shot Misses the Net.
12:08 of 3rd period - Slapshot by Kevin Veilleux.
12:08 of 3rd period - Shot Blocked by Juraj Mikus.
12:43 of 3rd period - Snap shot by Luke Witkowski.
12:43 of 3rd period - Goal by Luke Witkowski - Rafales : 2 - Saguenéens : 5.
12:44 of 3rd period - Kyle Brodziak wins face-off versus Mike Zigomanis in neutral zone.
12:53 of 3rd period - Wrist shot by Cody McLeod.
12:53 of 3rd period - Stopped by Martin Jones with a rebound.
13:02 of 3rd period - Minor Penalty to Mike Zigomanis for Slashing.
13:03 of 3rd period - Kyle Brodziak wins face-off versus James Sheppard in Rafales zone.
13:14 of 3rd period - Slapshot by Cody McLeod.
13:14 of 3rd period - Shot Misses the Net.
13:16 of 3rd period - Snap shot by James Sheppard.
13:16 of 3rd period - Shot Misses the Net.
13:18 of 3rd period - Snap shot by Cody McLeod.
13:18 of 3rd period - Shot Blocked by Bobby Sanguinetti.
13:28 of 3rd period - Cedric Paquette is hit by Juraj Mikus and loses puck.
15:02 of 3rd period - Penalty to Mike Zigomanis is over, Mike Zigomanis is back on ice.
15:10 of 3rd period - Kevin Veilleux is hit by Rhett Rakhshani and loses puck.
15:33 of 3rd period - Wrist shot by Tanner Richard.
15:33 of 3rd period - Shot Misses the Net.
16:09 of 3rd period - Connor Murphy is hit by Mike Sauer and loses puck.
16:36 of 3rd period - Luke Witkowski is hit by Mike Zigomanis and loses puck.
17:25 of 3rd period - Icing by Nick Paul.
17:26 of 3rd period - Tanner Richard wins face-off versus Kevin Veilleux in Saguenéens zone.
17:35 of 3rd period - Wrist shot by Juraj Mikus.
17:35 of 3rd period - Stopped by Sean Maguire without a rebound.
17:36 of 3rd period - Mike Zigomanis wins face-off versus Kerby Rychel in Rafales zone.
17:36 of 3rd period - Mike Zigomanis is hit by Dalton Prout.
17:50 of 3rd period - Snap shot by Mike Zigomanis.
17:50 of 3rd period - Stopped by Martin Jones without a rebound.
17:51 of 3rd period - Nathan Davis wins face-off versus Kyle Brodziak in Saguenéens zone.
17:52 of 3rd period - Snap shot by James Sheppard.
17:52 of 3rd period - Stopped by Martin Jones with a rebound.
17:54 of 3rd period - Snap shot by Brian Ferlin.
17:54 of 3rd period - Deflect By James Sheppard.
17:54 of 3rd period - Deflect By Bobby Sanguinetti.
17:54 of 3rd period - Stopped by Martin Jones with a rebound.
17:56 of 3rd period - Wrist shot by James Sheppard.
17:56 of 3rd period - Shot Blocked by Dalton Prout.
18:12 of 3rd period - Minor Penalty to Kyle Brodziak for Holding.
18:13 of 3rd period - Mikhail Grigorenko wins face-off versus Mike Zigomanis in Saguenéens zone.
18:21 of 3rd period - Icing by Connor Murphy.
18:22 of 3rd period - Mikhail Grigorenko wins face-off versus Mike Zigomanis in Rafales zone.
18:56 of 3rd period - Snap shot by Cody McLeod.
18:56 of 3rd period - Shot Blocked by Mikhail Grigorenko.
18:58 of 3rd period - Slapshot by Milan Bartovic.
18:58 of 3rd period - Goal by Milan Bartovic - Rafales : 3 - Saguenéens : 5.
18:59 of 3rd period - Nathan MacKinnon wins face-off versus Kevin Veilleux in neutral zone.
19:24 of 3rd period - Juraj Mikus is hit by Connor Murphy and loses puck.
Goals for this period are 1 for Rafales vs 1 for Saguenéens.
Shots for this period are 7 for Rafales vs 12 for Saguenéens.
Back to the Top